 Dungeon Crawl Stone Soup version 0.14-a0-987-gc8002fa (webtiles) character file.

250 M4edhros the Gusty (level 5, -7/28 HPs)
             Began as a Tengu Air Elementalist on Nov 21, 2013.
             Killed from afar by Sigmund (9 damage)
             ... with a magic dart
             ... on Level 3 of the Dungeon.
             The game lasted 00:06:18 (2623 turns).

M4edhros the Gusty (Tengu Air Elementalist)         Turns: 2623, Time: 00:06:18

HP  -7/28        AC  2     Str  8      XL: 5   Next: 24%
MP   2/11        EV 12     Int 17      God:
Gold 108         SH  0     Dex 12 (14) Spells:  3 memorised,  2 levels left

Res.Fire  : . . .   See Invis. : .   l - +1,+3 short sword
Res.Cold  : + . .   Warding    : .   i - +0 robe {rC+}
Life Prot.: . . .   Conserve   : .   (no shield)
Res.Poison: .       Res.Corr.  : .   (helmet restricted)
Res.Elec. : .       Clarity    : .   (no cloak)
Sust.Abil.: . .     Spirit.Shd : .   (no gloves)
Res.Mut.  : .       Stasis     : .   (boots unavailable)
Res.Rott. : .       Flight     : .   (no amulet)
Saprovore : . . .                    (no ring)
                                     (no ring)

@: mildly poisoned, very slightly contaminated, slightly resistant to hostile
enchantments, fairly stealthy
A: able to fly, beak, talons 3
a: Fly


You were on level 3 of the Dungeon.
You were not hungry.

You visited 1 branch of the dungeon, and saw 3 of its levels.

You collected 108 gold pieces.

Inventory:

Hand weapons
 l - a +1,+3 short sword (weapon)
 n - a +2,+1 vampiric short sword
 q - a +5,+0 orcish flail
Missiles
 d - 7 javelins (quivered)
Armour
 a - a +0 robe
 i - a +0 robe of cold resistance (worn)
Comestibles
 c - 2 bread rations
 f - a pear
 h - 2 meat rations
 o - 14 strawberries
Scrolls
 e - a scroll of curse armour {unknown}
 j - a scroll of fear {unknown}
 k - 5 scrolls of amnesia {unknown}
 m - a scroll of remove curse {unknown}
Jewellery
 p - an uncursed ring of wizardry {unknown}
Books
 b - a book of Air

   Spells                             Type                      Level
   *Shock                             Conjuration/Air              1
   *Swiftness                         Charms/Air                   2
   Repel Missiles                     Charms/Air                   2
   Flight                             Charms/Air                   3
   *Static Discharge                  Conjuration/Air              3
   Lightning Bolt                     Conjuration/Air              5


   Skills:
 + Level 1.0 Short Blades
 - Level 2.1 Dodging
 - Level 2.0 Stealth
 + Level 2.1 Spellcasting
 * Level 3.9 Conjurations
 * Level 5.5 Air Magic


You had 2 spell levels left.
You knew the following spells:

 Your Spells              Type           Power        Failure   Level  Hunger
a - Shock                 Conj/Air       ###.         2%          1    #......
b - Swiftness             Chrm/Air       ##........   12%         2    ##.....
c - Static Discharge      Conj/Air       ###.....     10%         3    ####...


Dungeon Overview and Level Annotations

Branches:
Dungeon (3/16)

Altars:
Ashenzari
Xom

Annotations:
D:3 Sigmund


Innate Abilities, Weirdness & Mutations

You can fly.
You have a beak for a mouth.
You have claws for feet.


Message History

Read which item? (? for menu, Esc to quit)
Okay, then.
You aren't carrying any items that can be evoked.
Unknown command.
Casting: Shock
Confirm with . or Enter, or press ? or * to list all spells.
Okay, then.
Casting: Shock
Confirm with . or Enter, or press ? or * to list all spells.
Aiming: Shock
Press: ? - help, Shift-Dir - straight line, f - gnoll
Aim: a gnoll, wielding a spear (severely wounded)
The zap hits the gnoll.
You kill the gnoll!
Casting: Shock
Confirm with . or Enter, or press ? or * to list all spells.
You can't see any susceptible monsters within range! (Use Z to cast anyway.)
You hear some strange, mumbled words.
The magic dart hits you!
You die...

#.....[##..###
#......##..#..
#......##..#.#
#..........#.#
####'#.##.##'##
#.#.##.....#
#.#.##.....####.#
#.#.##.......[..#
#####.#.##.##.#@#####
#.....#.##.##)#)#
#.#####.##.##.#%######.#
##.# . #.##^....ggg..#
.#.#####.##.###.#.#####.#
.'.......... #.#.#
.######### #.#.. .#
#.#.## .# #.###


There were no monsters in sight!

Vanquished Creatures
  Ijyb (D:2)
  Jessica (D:2)
  An adder (D:3)
  4 gnolls (D:3)
  An ooze (D:1)
  9 orcs (D:3)
  A ball python (D:1)
  3 bats
  A giant cockroach (D:2)
  6 goblins
  4 hobgoblins
  7 kobolds
  A quokka (D:3)
  2 giant geckos (D:1)
  3 giant newts
  6 rats
51 creatures vanquished.

Notes
Turn   | Place    | Note
--------------------------------------------------------------
     0 | D:1      | M4edhros, the Tengu Air Elementalist, began the quest for the Orb.
     0 | D:1      | Reached XP level 1. HP: 10/10 MP: 3/3
   278 | D:1      | Found a shimmering altar of Xom.
   451 | D:1      | Reached XP level 2. HP: 15/15 MP: 1/5
  1052 | D:2      | Reached XP level 3. HP: 19/19 MP: 7/7
  1203 | D:2      | Noticed Jessica
  1213 | D:2      | Killed Jessica
  1338 | D:2      | Noticed Ijyb
  1356 | D:2      | Killed Ijyb
  1356 | D:2      | Reached skill level 5 in Air Magic
  1356 | D:2      | Reached XP level 4. HP: 13/24 MP: 2/8
  1482 | D:2      | Found a shimmering altar of Xom.
  1533 | D:2      | Found a shattered altar of Ashenzari.
  1538 | D:2      | Saw a vision of the Swamp and the Snake Pit.
  1538 | D:2      | Noticed a naga
  1538 | D:2      | Noticed a naga
  1538 | D:2      | Noticed an alligator
  1538 | D:2      | Noticed a baby alligator
  1538 | D:2      | Noticed a water moccasin
  1538 | D:2      | Noticed a swamp drake
  1538 | D:2      | Noticed a water moccasin
  1538 | D:2      | Noticed a naga
  1539 | D:2      | Noticed a naga
  1539 | D:2      | Noticed a baby alligator
  1539 | D:2      | Noticed a water moccasin
  1540 | D:2      | Noticed a black mamba
  1541 | D:2      | Noticed a water moccasin
  1541 | D:2      | Noticed a naga warrior
  1731 | D:3      | Noticed Sigmund
  2410 | D:3      | Learned a level 2 spell: Swiftness
  2414 | D:3      | Learned a level 3 spell: Static Discharge
  2617 | D:3      | Reached skill level 1 in Short Blades
  2617 | D:3      | Reached XP level 5. HP: 22/28 MP: 6/11
  2623 | D:3      | Killed from afar by Sigmund

Action                   |  1- 3 |  4- 6 || total
-------------------------+-------+-------++-------
Melee: Unarmed           |    14 |       ||    14
       Short sword       |    42 |    23 ||    65
       Flail             |       |     8 ||     8
 Cast: Shock             |    16 |    18 ||    34
       Static Discharge  |       |     2 ||     2
  Use: Potion            |     3 |     2 ||     5
 Stab: Sleeping          |     2 |     1 ||     3
